 Dungeon Crawl Stone Soup version 0.31-a0-626-g8143ab4f1d (webtiles) character file.

Game seed: 14899362063245089548

4034 Hubris850 the Mimic (level 10, -4/84 HPs)
             Began as a Vampire Shapeshifter on Aug 24, 2023.
             Was an Initiate of Gozag.
             Slain by a molten gargoyle
             ... wielding a +0 flail
              (16 damage)
             ... on level 9 of the Dungeon.
             The game lasted 00:20:55 (7550 turns).

Hubris850 the Mimic (Vampire Shapeshifter)          Turns: 7550, Time: 00:20:56

Health: -4/84      AC:  9    Str: 19    XL:     10   Next: 4%
Magic:  10/10      EV: 12    Int: 20    God:    Gozag
Gold:   880        SH:  0    Dex: 16    Spells: 7/9 levels left

rFire   . .          .
                       - Unarmed
rCold   . . .        n - melded +2 buckler {reflect}
rNeg    . . .        h - melded +0 ring mail
rPois   .            (helmet currently unavailable)
rElec   .            (cloak currently unavailable)
rCorr   .            (gloves currently unavailable)
SInv    +            (boots currently unavailable)
Will    +....        q - amulet of magic regeneration
Stlth   +            i - ring of wizardry
HPRegen 0.54/turn    E - ring of the Devil {Fly Str-2 Int+6 Dex+2}
MPRegen 0.52/turn

%: wizardry (x1)
@: snake-form, gold aura, flying, healing quickly
A: constrict, boosted hp, large, alive, (fangs 3), see invisible, vampiric 2
a: Exsanguinate, Begin Untransformation, Renounce Religion, Potion Petition,
Call Merchant, Bribe Branch


You were on level 9 of the Dungeon.
You worshipped Gozag.
Gozag was pleased with you.
You were an enormous anaconda.
You visited 2 branches of the dungeon, and saw 10 of its levels.
You also visited: Sewer.

You collected 1142 gold pieces.
You spent 145 gold pieces at shops.
You paid 117 gold pieces to Gozag.

Inventory:

Hand Weapons
 m - a +6 club
 p - a +2 short sword of electrocution
Missiles
 b - 6 curare-tipped darts
 g - 12 boomerangs (quivered)
 r - 4 javelins
 A - 36 poisoned darts
Armour
 a - a +0 animal skin
 h - a +0 ring mail (melded)
 n - a +2 buckler of reflection (melded)
 t - an orb of energy
 v - a +0 helmet
 y - the +0 cloak "Budy" {rElec rPois rN+}
   (You found it on level 7 of the Dungeon)

   rElec:     It insulates you from electricity.
   rPois:     It protects you from poison rN+: It protects you from negative
   energy.
Magical Staves
 C - a staff of conjuration
 J - a staff of death
Jewellery
 i - a ring of wizardry (left hand)
 q - an amulet of magic regeneration (around neck)
 E - the ring of the Devil (right hand) {Fly Str-2 Int+6 Dex+2}
   (You bought it in a shop on level 8 of the Dungeon)

   [ring of flight]

   Str-2:     It affects your strength (-2).
   Int+6:     It affects your intelligence (+6).
   Dex+2:     It affects your dexterity (+2).
   Fly:       It grants you flight.
Talismans
 c - a beast talisman
 d - a flux talisman
 f - a blade talisman
 w - a serpent talisman (active)
Wands
 l - a wand of flame (21)
 F - a wand of mindburst (13)
Scrolls
 k - a scroll of blinking
 o - a scroll of fog
 s - a scroll of enchant weapon
 u - a scroll of identify
 x - 5 scrolls of teleportation
 G - 2 scrolls of fear
 H - a scroll of silence
Potions
 e - a potion of brilliance
 j - 7 potions of curing
 z - a potion of heal wounds
 B - a potion of cancellation
 D - a potion of haste
 I - a potion of lignification


   Skills:
 - Level 3.0 Fighting
 - Level 3.0 Armour
 + Level 5.6 Dodging
 + Level 4.8 Shields
 + Level 6.7 Unarmed Combat
 + Level 10.7 Shapeshifting


You had 7 spell levels left.
You knew the following spells:

 Your Spells              Type           Power      Damage    Failure   Level
a - Static Discharge      Conj/Air       0%         2-2/arc   12%         2

Your spell library contained the following spells:

 Spells                   Type           Power      Damage    Failure   Level
 Apportation              Tloc           0%         N/A       8%          1
 Necrotise                Necr           0%         1d4       8%          1
 Summon Small Mammal      Summ           0%         N/A       8%          1
 Portal Projectile        Hex/Tloc       0%         N/A       22%         3
 Tukima's Dance           Hex            0%         N/A       22%         3
 Vhi's Electric Charge    Tloc/Air       0%         N/A       22%         3
 Airstrike                Air            0%         2d(0-16)  56%         4
 Iskenderun's Mystic Bla  Conj/Tloc      0%         2d3       56%         4
 Summon Lightning Spire   Summ/Air       0%         N/A       56%         4
 Arcjolt                  Conj/Air       0%         1d10      88%         5
 Plasma Beam              Fire/Air       0%         2x1d10    100%        6


Dungeon Overview and Level Annotations

Branches:
Dungeon (9/15)             Temple (1/1) D:6            Lair (0/5) D:9
  Sewer (visited)
    Orc: D:9-12

Altars:
Ashenzari
Dithmenos
Fedhas
Gozag
Hepliaklqana
Kikubaaqudgha
Makhleb
Nemelex Xobeh
Okawaru
Qazlal
Ru
Sif Muna
Trog
Uskayaw
Vehumet
Wu Jian
Xom
Yredelemnul

Shops:
D:1 !   D:4 *   D:8 *   D:9 :


Innate Abilities, Weirdness & Mutations

You are an enormous anaconda.
You have a powerful constriction melee attack.
Your maximum health is increased.
Your armour is entirely melded.
You are incapable of wielding weapons or throwing items.
Your natural rate of healing is accelerated.
((You have razor-sharp teeth.))
You have supernaturally acute eyesight. (SInv)
You are afflicted with vampirism and can become a bat while bloodless.


Message History

The molten gargoyle is heavily damaged.
You constrict the molten gargoyle, but do no damage.
The molten gargoyle blasts magma at you!
The bolt of magma misses you.
You lash the molten gargoyle!
The molten gargoyle is almost destroyed.
You constrict the molten gargoyle.
The howler monkey hoots and howls with incredible vigour!
You hit the molten gargoyle.
You destroy the molten gargoyle!
A molten gargoyle comes into view. It is wielding a +0 flail.
You have reached level 10!
You feel clever.
You barely miss the molten gargoyle. You grab the molten gargoyle.
You constrict the molten gargoyle.
The molten gargoyle hits you but does no damage.
You hit the molten gargoyle.
The molten gargoyle is lightly damaged.
You constrict the molten gargoyle, but do no damage.
The molten gargoyle hits you with a +0 mace!
You are engulfed in flames!
The molten gargoyle closely misses you.
You hit the molten gargoyle but do no damage.
The molten gargoyle is lightly damaged.
You constrict the molten gargoyle.
A centaur comes into view. It is wielding a +0 club.
The molten gargoyle is distracted by your dazzling golden aura.
The molten gargoyle hits you but does no damage.
The molten gargoyle hits you with a +0 mace!
You are engulfed in flames!
The howler monkey barely misses you.
The centaur moves out of view.
You hit the molten gargoyle but do no damage.
The molten gargoyle is moderately damaged.
You constrict the molten gargoyle. The howler monkey hits you.
The molten gargoyle hits you with a +0 mace!
* * * LOW HITPOINT WARNING * * *
You are engulfed in flames!
* * * LOW HITPOINT WARNING * * *
The molten gargoyle hits you with a +0 flail!
You die...
Your body crumbles into a pile of gold.

##.≈≈≈ 8≈≈.#. .#.≈≈
8≈≈§. . ##.≈≈≈ ≈9≈. ..
#.#.≈≈ ≈≈≈ .# #.§.§ .c
.# #.#§#. .# #.#9#.#.#..
#########9Sh......
....(......######..
................#
.............<..#
................#
................######.#
.).....................#
................######.#
............))).# #..


You could see 3 molten gargoyles, a centaur and a howler monkey.

Vanquished Creatures
  A molten gargoyle (D:9)
  A hornet (D:9)
  A wyvern (D:7)
  Menkaure (D:7)
  Edmund (D:5)
  A water moccasin (D:8)
  2 sky beasts (D:6)
  An orc warrior (D:7)
  2 ice beasts
  2 black bears
  4 ogres
  4 kobold brigands
  4 bullfrogs
  3 scorpions
  5 wights (D:7)
  5 killer bees (D:9)
  3 howler monkeys
  6 orc priests
  A jelly (D:7)
  4 iguanas (D:5)
  A sleepcap (D:4)
  Jessica (D:3)
  Ijyb (D:4)
  Terence (D:3)
  7 orc wizards
  10 adders
  6 river rats (Sewer)
  A white imp (D:7)
  A worm (D:5)
  2 dart slugs
  19 orcs
  18 ball pythons
  6 endoplasms
  5 goblins
  4 jackals
  26 kobolds
  5 quokkas
  3 bats
  6 frilled lizards
  8 rats
183 creatures vanquished.

Notes
Turn   | Place    | Note
-------+----------+-------------------------------------------
     0 | D:1      | Hubris850 the Vampire Shapeshifter began the quest for the
                  | Orb.
     0 | D:1      | Reached XP level 1. HP: 14/14 MP: 1/1
    78 | D:1      | Found Etelyacw's Distillery.
   102 | D:1      | Reached XP level 2. HP: 20/20 MP: 2/2
   962 | D:2      | Found a faded altar of an unknown god.
  1271 | D:2      | Gained mutation: You are afflicted with vampirism and can
                  | become a bat while bloodless. [Vampire growth]
  1271 | D:2      | Reached XP level 3. HP: 25/25 MP: 3/3
  1290 | D:2      | Found a bloodstained altar of Trog.
  1677 | D:3      | Noticed Jessica
  1682 | D:3      | Killed Jessica
  1683 | D:3      | Reached skill level 4 in Shapeshifting
  1683 | D:3      | Reached XP level 4. HP: 31/31 MP: 4/4
  1754 | D:3      | Noticed Terence
  1759 | D:3      | Killed Terence
  1925 | D:4      | Noticed a black bear
  1930 | D:4      | Killed a black bear
  1931 | D:4      | Reached skill level 5 in Unarmed Combat
  1931 | D:4      | Reached XP level 5. HP: 32/36 MP: 5/5
  2052 | D:4      | Noticed Ijyb
  2062 | D:4      | Killed Ijyb
  2063 | D:4      | Reached skill level 5 in Shapeshifting
  2213 | D:4      | Found Urishoq's Lightly-Used Armoury.
  2316 | D:4      | Reached XP level 6. HP: 42/42 MP: 6/6
  2413 | D:4      | Identified a scroll of acquirement
  2413 | D:4      | Acquired a +1 buckler of reflection
  2542 | D:4      | Reached skill level 1 in Shields
  2676 | D:5      | Entered Level 5 of the Dungeon
  2682 | D:5      | Reached skill level 6 in Shapeshifting
  2803 | D:5      | Reached XP level 7. HP: 47/47 MP: 7/7
  2909 | D:5      | Reached skill level 7 in Shapeshifting
  3017 | D:5      | Noticed Edmund
  3023 | D:5      | Killed Edmund
  3080 | D:5      | Learned a level 2 spell: Static Discharge
  3241 | D:5      | Reached skill level 8 in Shapeshifting
  3286 | D:5      | Reached XP level 8. HP: 53/53 MP: 8/8
  3735 | D:6      | Found a staircase to the Ecumenical Temple.
  3765 | Temple   | Entered the Ecumenical Temple
  3793 | Temple   | Became a worshipper of Gozag Ym Sagoz the Greedy
  3857 | D:6      | Found a glowing drain.
  3893 | Sewer    | Entered a sewer
  4025 | Sewer    | Reached skill level 9 in Shapeshifting
  4836 | D:6      | Found a hazy altar of Hepliaklqana.
  5183 | D:6      | Found a sacrificial altar of Ru.
  5492 | D:7      | Noticed Menkaure
  5613 | D:7      | Killed Menkaure
  5614 | D:7      | Reached skill level 10 in Shapeshifting
  5614 | D:7      | Reached skill level 1 in Fighting
  5811 | D:7      | Reached skill level 1 in Armour
  5860 | D:7      | Identified the +0 cloak "Budy" {rElec rPois rN+}
  5953 | D:7      | Reached XP level 9. HP: 53/61 MP: 9/9
  6590 | D:7      | Found a stormy altar of Qazlal.
  6591 | D:7      | Found a shimmering altar of Xom.
  6755 | D:8      | Found Kehijoo's Assorted Antiques.
  6804 | D:8      | Bought a coiled glass ring for 145 gold pieces
  6804 | D:8      | Identified the ring of the Devil {Fly Str-2 Int+6 Dex+2}
                  | (You bought it in a shop on level 8 of the Dungeon)
  6827 | D:8      | Identified the +1 dagger "Ruinaim" {heavy, rPois}
  7208 | D:9      | Reached skill level 5 in Dodging
  7330 | D:9      | Found a staircase to the Lair.
  7424 | D:9      | Noticed a walking divine tome
  7426 | D:9      | Found Ywnidiad's Book Boutique.
  7428 | D:9      | Noticed a walking crystal tome
  7535 | D:9      | Noticed a molten gargoyle
  7540 | D:9      | Noticed a molten gargoyle
  7541 | D:9      | Noticed a molten gargoyle
  7546 | D:9      | Killed a molten gargoyle
  7546 | D:9      | Noticed a molten gargoyle
  7547 | D:9      | Reached XP level 10. HP: 70/70 MP: 10/10
  7550 | D:9      | Slain by a molten gargoyle

Illustrated notes

Levels and vault maps discovered:
D:1:      heliophobic_arrival_dark_side_of_the_moon, layout_rooms, serial_shops,
          nicolae_shop_gibbet_a_chance
D:2:      layout_loops_ring, basic_altar, basic_ecumenical_altar,
          nicolae_houndstooth_variations
D:3:      layout_rooms, uniq_terence, uniq_jessica
D:4:      layout_gridville, minmay_shop_damaged, uniq_ijyb
D:5:      layout_cave_pods, minmay_misc_feat_rows, grunt_ministairs_5,
          serial_bayou_crossing, uniq_edmund
D:6:      layout_basic, mainiacjoe_overflow_boulevard, zin_scriptorium,
          nicolae_hepliaklqana_hippocampus, minmay_temple_entry_junction,
          portal_sewer_entry_a, nicolae_concentric_dashed_squares_wild
D:7:      layout_basic, gammafunk_temple_overflow_pools, uniq_menkaure
D:8:      layout_basic, serial_shops, nicolae_diamond_shop
D:9:      layout_small_grid, lair_entry_dummy, serial_shops,
          nicolae_shop_mannequins, minivault_8
Temple:   regret_index_temple_sphere_string

Skill      XL: |  1  2  3  4  5  6  7  8  9 |
---------------+----------------------------+-----
Dodging        | 3 5 |  5.6
Unarmed Combat | 4 5 6 |  6.7
Shapeshifting  | 4 5 6 8 10 | 10.7
Shields        | 2 3 4 |  4.8
Fighting       | 1 3 |  3.0
Armour         | 1 3 |  3.0

Action                     |  1- 3 |  4- 6 |  7- 9 | 10-12 || total
---------------------------+-------+-------+-------+-------++-------
  Melee: Unarmed           |    57 |       |   142 |     4 ||   203
         Bite              |     9 |     9 |    23 |       ||    41
         Short sword       |    19 |    71 |   197 |       ||   287
         Punch             |       |     1 |       |       ||     1
         Constrict         |       |       |    35 |     1 ||    36
  Throw: Boomerang         |       |    17 |    15 |       ||    32
         Javelin           |       |       |     4 |       ||     4
Ability: Begin Untransform |       |       |     2 |       ||     2
  Evoke: Wand              |       |       |    10 |       ||    10
    Use: Scroll            |     8 |     4 |     9 |       ||    21
         Potion            |       |     2 |     2 |       ||     4
 Armour: Ring mail         |    21 |    13 |    42 |       ||    76
         Skin              |       |       |    57 |     2 ||    59
  Dodge: Dodged            |    52 |    32 |   154 |     2 ||   240
  Block: Buckler           |       |     3 |    66 |       ||    69
         Reflection        |       |       |     5 |       ||     5
   Form: Blade             |       |       |     1 |       ||     1
         Anaconda          |       |       |     1 |       ||     1

Table legend: (Time is in decaauts)
 A = Elapsed time spent in this place.
 B = Non-inter-level travel time spent in this place.
 C = Inter-level travel time spent in this place.
 D = Time resting spent in this place.
 E = Time spent auto-exploring this place.
 F = Levels seen in this place.
 G = Mean time per level.
                   A        B        C        D        E       F      G
               +--------+--------+--------+--------+--------+-----+--------+
         Total |   7736 |   7408 |    328 |    366 |   5507 |  11 |  703.3 |
       Dungeon |   6762 |   6481 |    281 |    366 |   4843 |   9 |  751.3 |
        Temple |     56 |      9 |     47 |      0 |      0 |   1 |   56.0 |
         Sewer |    917 |    917 |      0 |      0 |    663 |   1 |  917.0 |
               +--------+--------+--------+--------+--------+-----+--------+

Top non-repeatable levels by time:
     D:6: 1314 daAuts
     D:5: 996 daAuts
   Sewer: 917 daAuts
     D:7: 917 daAuts
     D:4: 857 daAuts
     D:1: 722 daAuts
     D:2: 661 daAuts
     D:8: 481 daAuts
     D:3: 444 daAuts
     D:9: 367 daAuts
  Temple: 56 daAuts
